 Dungeon Crawl Stone Soup version 0.28-a0-474-g535839065c (webtiles) character file.

Game seed: 4850265498933427214

20 TrogsFancyHat the Gusty (level 2, 0/15 HPs)
             Began as a Tengu Air Elementalist on Sept 15, 2021.
             Slain by an orc (7 damage)
             ... on level 2 of the Dungeon.
             The game lasted 00:02:04 (1284 turns).

TrogsFancyHat the Gusty (Tengu Air Elementalist)    Turns: 1284, Time: 00:02:04

Health: 0/15       AC:  2    Str:  8    XL:     2   Next: 79%
Magic:  6/6        EV: 12    Int: 15    God:
Gold:   83         SH:  0    Dex: 14    Spells: 4/5 levels left

rFire   . . .      SeeInvis .   b - +0 spear
rCold   . . .      Faith    .   (no shield)
rNeg    . . .      Spirit   .   a - +0 robe
rPois   .          Reflect  .   (helmet restricted)
rElec   .          Harm     .   (no cloak)
rCorr   .          Rampage  .   (no gloves)
Will    .....                   (boots unavailable)
Stlth   ++........              (no amulet)
HPRegen 0.05/turn               (no ring)
MPRegen 0.10/turn               (no ring)

@: no status effects
A: beak, talons 3
a: no special abilities


You were on level 2 of the Dungeon.
You visited 1 branch of the dungeon, and saw 3 of its levels.

You collected 83 gold pieces.

Inventory:

Hand Weapons
 b - a +0 spear (weapon)
Armour
 a - a +0 robe (worn)
Scrolls
 c - 3 scrolls of identify {unknown}
 e - a scroll of teleportation {unknown}
 f - a scroll of fog {unknown}
Potions
 d - a potion of brilliance {unknown}


   Skills:
 - Level 2.1 Dodging
 - Level 2.0 Stealth
 + Level 2.3 Spellcasting
 + Level 2.3 Conjurations
 + Level 4.4 Air Magic


You had 4 spell levels left.
You knew the following spells:

 Your Spells              Type           Power      Damage    Failure   Level
a - Shock                 Conj/Air       48%        1d6       5%          1

Your spell library contained the following spells:

 Spells                   Type           Power      Damage    Failure   Level
 Static Discharge         Conj/Air       12%        N/A       8%          2
 Swiftness                Air            15%        N/A       11%         3
 Airstrike                Air            7%         N/A       34%         4


Dungeon Overview and Level Annotations

Branches:
Dungeon (3/15)

Altars:

Shops:
D:1 *


Innate Abilities, Weirdness & Mutations

You have a beak for a mouth.
You have claws for feet.


Message History

No target in view!
Found a stone staircase leading down.
You now have 83 gold pieces (gained 19). 2 goblins, a hobgoblin and an orc come into view.
A hobgoblin comes into view.
There are monsters nearby!
There are monsters nearby!
There are monsters nearby!
Casting: Shock (safe; 5% risk of failure)
Confirm with . or Enter, or press ? or * to list all spells.
Aiming: Shock (safe; 5% risk of failure)
Press: ? - help, Shift-Dir - straight line, f - goblin
Aim: a goblin, wielding a +0 club (asleep, 100% to hit)
The zap hits the goblin.
The goblin is moderately wounded.
The zap hits the goblin.
You kill the goblin!
The hobgoblin shouts!
You hear a shout! x2
An orc comes into view. It is wielding a +0 mace.
The goblin unwields a +0 club.
The goblin wields a +0 hunting sling.
The goblin shoots a stone.
The stone barely misses you.
The goblin shoots a stone.
The stone hits you.
The goblin shoots a stone.
The stone barely misses you.
The goblin shoots a stone.
The stone barely misses you.
The goblin shoots a stone.
The stone hits you.
* * * LOW HITPOINT WARNING * * *
The goblin shoots a stone.
The stone hits you but does no damage.
The goblin shoots a stone.
The stone hits you.
* * * LOW HITPOINT WARNING * * *
There is a stone staircase leading down here.
You climb downwards.
Found 13 stones.
There is a stone staircase leading up here.
You start resting.
A scorpion comes into view.
You climb upwards.
The orc misses you.
The goblin shoots a stone.
The stone barely misses you. The orc hits you with a +0 mace.
There is a stone staircase leading down here.
The goblin shoots a stone.
The stone hits you. The orc hits you with a +0 mace!
You die... g8.# #..#.###.#### #8g. ##............ .og

#...##.##.##########
##....gg#..........#
##..##.#.########.#
#.. #...# #.# ...
##..# #.# ...# #..#
#.# ###. #o@# #.# #
##># #.# ### #.# #.#
#.# #.# #.######
#......# #####.##


You could see an orc, a hobgoblin and a goblin.

Vanquished Creatures
  A dart slug (D:2)
  2 ball pythons (D:1)
  2 endoplasms
  2 giant cockroaches (D:1)
  2 goblins
  4 bats (D:1)
  2 frilled lizards (D:1)
  A rat (D:1)
16 creatures vanquished.

Vanquished Creatures (others)
  A plant (D:1)
1 creature vanquished.

Grand Total: 17 creatures vanquished

Notes
Turn   | Place    | Note
-------+----------+-------------------------------------------
     0 | D:1      | TrogsFancyHat the Tengu Air Elementalist began the quest
                  | for the Orb.
     0 | D:1      | Reached XP level 1. HP: 10/10 MP: 4/4
   182 | D:1      | Reached XP level 2. HP: 15/15 MP: 3/6
   665 | D:1      | Found Ufollec's Assorted Antiques.
  1281 | D:3      | Noticed a scorpion
  1284 | D:2      | Slain by an orc

Illustrated notes

Levels and vault maps discovered:
D:1:      psy_arrival_whirlpool, layout_basic, serial_shops,
          nicolae_shop_window_shopping, serial_bayou_lagoon_a
D:2:      layout_basic, guppyfry_early_orc_mine
D:3:      wander_river, layout_basic, uniq_sigmund, uniq_grinder, uniq_natasha

Skill      XL: |  1 |
---------------+----+-----
Conjurations   | 2 |  2.3
Dodging        | |  2.1
Stealth        | |  2.0
Spellcasting   | |  2.3
Air Magic      | |  4.4

Action                   || total
-------------------------++-------
Melee: Unarmed           ||     2
       Kick              ||     4
       Spear             ||    34
       Peck              ||     1
 Cast: Shock             ||    12
 Stab: Sleeping          ||     3
Armor: Robe              ||    10
Dodge: Dodged            ||    24

Table legend: (Time is in decaauts)
 A = Elapsed time spent in this place.
 B = Non-inter-level travel time spent in this place.
 C = Inter-level travel time spent in this place.
 D = Time resting spent in this place.
 E = Time spent auto-exploring this place.
 F = Levels seen in this place.
 G = Mean time per level.
                   A        B        C        D        E       F      G
               +--------+--------+--------+--------+--------+-----+--------+
         Total |   1298 |   1287 |     11 |    230 |    909 |   3 |  432.7 |
       Dungeon |   1298 |   1287 |     11 |    230 |    909 |   3 |  432.7 |
               +--------+--------+--------+--------+--------+-----+--------+

Top non-repeatable levels by time:
     D:1: 889 daAuts
     D:3: 206 daAuts
     D:2: 201 daAuts
